 Dungeon Crawl Stone Soup version 0.17.0-24-gcfadda4 (console) character file.

34 gw the Slasher (level 3, -2/26 HPs)
             Began as a High Elf Abyssal Knight on Nov 15, 2015.
             Was a Follower of Lugonu.
             Slain by a quokka (4 damage)
             ... on level 2 of the Dungeon.
             The game lasted 00:00:45 (1461 turns).

gw the Slasher (High Elf Abyssal Knight)            Turns: 1461, Time: 00:00:46

Health: -2/26      AC:  3    Str: 11    XL:     3   Next: 14%
Magic:  5/5        EV: 12    Int: 16    God:    Lugonu [*.....]
Gold:   63         SH:  0    Dex: 15    Spells: 0 memorised, 2 levels left

rFire  . . .     SeeInvis .     a - +1 falchion
rCold  . . .     Clarity  .     b - +0 leather armour
rNeg   . . .     SustAt   .     (no shield)
rPois  .         Gourm    .     (no helmet)
rElec  .         Spirit   .     (no cloak)
rCorr  .         Warding  .     (no gloves)
rMut   .         Stasis   .     (no boots)
MR     .....                    (no amulet)
Stlth  +.........               (no ring)
                                (no ring)

@: not resistant to hostile enchantments, very unstealthy
A: no striking features
a: Depart the Abyss, Renounce Religion


You were on level 2 of the Dungeon.
You worshipped Lugonu.
Lugonu was aware of your devotion.
You were not hungry.

You visited 1 branch of the dungeon, and saw 2 of its levels.
You visited the Abyss 1 time.

You collected 63 gold pieces.

Inventory:

Hand Weapons
 a - a +1 falchion (weapon)
Missiles
 f - 29 arrows
Armour
 b - a +0 leather armour (worn)
Scrolls
 e - a scroll of fog
 g - a scroll of recharging {unknown}
 i - a scroll of identify
Potions
 d - a potion of brilliance {unknown}
 h - a potion of lignification {unknown}
Comestibles
 c - 2 bread rations
 j - 2 chunks of flesh


   Skills:
 + Level 3.2 Fighting
 * Level 3.3 Long Blades
 - Level 0.8 Armour
 + Level 2.6 Dodging
 + Level 2.4 Invocations


You had 2 spell levels left.
You didn't know any spells.

Dungeon Overview and Level Annotations

Branches:
Dungeon (2/15)

Altars:
The Shining One


Message History

The kobold hits you with a short sword.
ATTACK MOVE TO (1,0)
You closely miss the quokka.
The quokka is heavily wounded.
The quokka bites you but does no damage.
The kobold barely misses you.
ATTACK MOVE TO (1,0)
You barely miss the quokka.
The quokka is heavily wounded.
The quokka completely misses you. The kobold closely misses you.
ATTACK MOVE TO (1,0)
You closely miss the quokka.
The quokka is heavily wounded.
The quokka bites you. The quokka barely misses you.
The kobold hits you with a short sword.
ATTACK MOVE TO (1,0)
You barely miss the quokka.
The quokka is heavily wounded.
The quokka bites you.
You die...

#####.#.........#
#...........#
######.........########
#...........((.........
#.#####.#)#+#....$?....
#.#..............
#.#......(.......
#.#..............
#.#.#.#..er......
#.........K......
###.#............
#.#...(........ #
#............
#............
#............
#############


You could see a quokka and a kobold.

Table legend:
 A = Turns spent in this place as a percentage of turns spent in the entire game.
 B = Non-inter-level travel turns spent in this place as a percentage of non-inter-level travel turns spent in the entire game.
 C = Inter-level travel turns spent in this place as a percentage of turns spent in this place.
 D = Turns resting spent in this place as a percentage of non-inter-level travel turns spent in this place.
 E = Turns spent auto-exploring this place as a percentage of non-inter-level travel turns spent in this place.
 F = Non-inter-level travel turns spent in this place divided by the number of levels of this place that you've seen.
                   A       B       C       D       E      F
               +-------+-------+-------+-------+-------+----------------------
         Total | 100.0 | 100.0 |   0.3 |   1.3 |   2.8 | 528.3
       Dungeon |  99.0 |  99.0 |   0.3 |   1.3 |   2.8 | 784.5
         Abyss |   1.0 |   1.0 |   0.0 |   0.0 |   6.2 |  16.0
               +-------+-------+-------+-------+-------+----------------------

Table legend:
 A = Kills in this place as a percentage of kills in entire the game.
 B = Kills by you in this place as a percentage of kills by you in the entire game.
 C = Kills by friends in this place as a percentage of kills by friends in the entire game.
 D = Other kills in this place as a percentage of other kills in the entire game.
 E = Experience gained in this place as a percentage of experience gained in the entire game.
 F = Experience gained in this place divided by the number of levels of this place that you have seen.
                   A       B       C       D       E      F
               +-------+-------+-------+-------+-------+----------------------
         Total | 100.0 | 100.0 |  -nan |  -nan | 100.0 |  16.3
       Dungeon | 100.0 | 100.0 |  -nan |  -nan | 100.0 |  24.5
               +-------+-------+-------+-------+-------+----------------------

Vanquished Creatures
  An adder (D:1)
  2 worms (D:2)
  A ball python (D:1)
  2 bats (D:1)
  A giant cockroach (D:1)
  2 hobgoblins
  5 kobolds
  A giant newt (D:2)
  2 goblins (D:1)
  A rat (D:1)
18 creatures vanquished.

Notes
Turn   | Place    | Note
--------------------------------------------------------------
     0 | Abyss:1  | gw the High Elf Abyssal Knight began the quest for the Orb.
     0 | Abyss:1  | Reached XP level 1. HP: 16/16 MP: 3/3
    21 | Abyss:1  | Noticed a wight
    22 | D:1      | Escaped the Abyss
    49 | D:1      | Reached XP level 2. HP: 17/21 MP: 4/4
   979 | D:2      | Reached XP level 3. HP: 7/26 MP: 5/5
  1307 | D:2      | Found a glowing golden altar of the Shining One.
  1315 | D:2      | Reached * piety under Lugonu
  1461 | D:2      | Slain by a quokka

Action                   || total
-------------------------++-------
Melee: Falchion          ||    75
Invok: Depart the Abyss  ||     1
  Use: Scroll            ||     2
 Stab: Sleeping          ||     1
  Eat: Chunk             ||     2

Vault maps used:
D:1:      dpeg_arrival_rhombi, serial_corexii_hall, corexii_hall_statues_i,
          corexii_hall_statues_i, grunt_decor_resistance
D:2:      tso_metal_star, uniq_jessica
